 Dungeon Crawl Stone Soup version 0.27.1-2-g3b301248ec (webtiles) character file.

Game seed: 9516576364413138447

30878 TheGamechu the Severer (level 13, -8/119 HPs)
             Began as a Minotaur Berserker on Sept 29, 2021.
             Was a High Priest of Trog.
             Engulfed by a cloud of flame (11 damage)
             ... on level 3 of the Lair of Beasts.
             The game lasted 00:57:58 (16093 turns).

TheGamechu the Severer (Minotaur Berserker)        Turns: 16093, Time: 00:57:59

Health: -8/119     AC: 12    Str: 28    XL:     13   Next: 22%
Magic:  12/12      EV:  6    Int:  9    God:    Trog [*****.]
Gold:   1260       SH: 22    Dex: 19    Spells: 12/12 levels left

rFire    . . .     SeeInvis +   s - +6 broad axe (vorpal)
rCold    . . .     Faith    .   c - +2 tower shield
rNeg     + . .     Spirit   .   e - +0 plate armour
rPois    .         Reflect  .   (helmet restricted)
rElec    .         Harm     .   z - +2 cloak {Will+}
rCorr    .         Rampage  .   A - +0 pair of gloves
Will     +++..                  f - +0 pair of boots "Kus Fisch" {rN+ Int+5 Dex+4}
Stlth    ..........             (no amulet)
HPRegen  1.29/turn              l - ring of see invisible
MPRegen  0.13/turn              J - +6 ring of dexterity

@: strong-willed, corroded, regenerating, studying Dodging, very slow
A: horns 2, retaliatory headbutt
a: Renounce Religion, Berserk, Trog's Hand, Brothers in Arms


You were on level 3 of the Lair of Beasts.
You worshipped Trog.
Trog was extremely pleased with you.
You visited 3 branches of the dungeon, and saw 16 of its levels.
You also visited: Ossuary, Bailey and Gauntlet.

You collected 1260 gold pieces.

Inventory:

Hand Weapons
 s - a +6 vorpal broad axe (weapon)
 K - the +0 war axe of Paozyuxot {speed, rPois Will+++ Str-3}
   (You found it on level 10 of the Dungeon)

   Attacks with this weapon are significantly faster.
   Str:       It affects your strength (-3).
   rPois:     It protects you from poison.
   Will:      It greatly increases your willpower.
Missiles
 h - 483 stones
 j - 22 poisoned darts
 I - a throwing net
 L - 2 curare-tipped darts
 P - 7 silver javelins (quivered)
Armour
 c - a +2 tower shield (worn)
 e - a +0 plate armour (worn)
 f - the +0 pair of boots "Kus Fisch" (worn) {rN+ Int+5 Dex+4}
   (You found it in a Gauntlet)

   Int:       It affects your intelligence (+5).
   Dex:       It affects your dexterity (+4).
   rN:        It protects you from negative energy.
 z - a +2 cloak of willpower (worn)
 A - a +0 pair of gloves (worn)
Jewellery
 l - a ring of see invisible (left hand)
 n - a ring of resist corrosion
 J - a +6 ring of dexterity (right hand)
 O - the ring "Sautsar" {Ice Will+ rCorr Int+4 SInv}
   (You found it in a Gauntlet)

   [ring of ice]

   It enhances your ice magic.
   Int:       It affects your intelligence (+4).
   rF:        It makes you vulnerable to fire.
   rC:        It protects you from cold.
   SInv:      It lets you see invisible.
   rCorr:     It protects you from acid and corrosion.
   Will:      It increases your willpower.
Wands
 r - a wand of flame (32)
 y - a wand of digging (21)
 D - a wand of acid (13)
 E - a wand of paralysis (4)
 F - a wand of iceblast (2)
 G - a wand of charming (10)
 H - a wand of mindburst (52)
 Q - a wand of polymorph (6)
Scrolls
 a - 3 scrolls of identify
 d - a scroll of fear
 B - 2 scrolls of teleportation
 C - 3 scrolls of immolation
 M - 2 scrolls of vulnerability
Potions
 b - 3 potions of heal wounds
 g - 2 potions of resistance {unknown}
 i - 4 potions of brilliance {unknown}
 k - 6 potions of haste
 m - 2 potions of cancellation {unknown}
 o - 2 potions of magic {unknown}
 p - 2 potions of lignification {unknown}
 q - a potion of ambrosia {unknown}
 t - 3 potions of mutation {unknown}
 u - 6 potions of curing
 v - a potion of invisibility {unknown}
 w - 2 potions of berserk rage {unknown}
 x - 3 potions of might {unknown}
 N - a potion of flight {unknown}


   Skills:
 + Level 12.5 Fighting
 * Level 16.3 Axes
 + Level 10.2 Throwing
 - Level 3.0 Armour
 - Level 3.0 Dodging
 + Level 11.8 Shields


You had 12 spell levels left.
You didn't know any spells.
Your spell library was empty.

Dungeon Overview and Level Annotations

Branches:
Dungeon (12/15)            Temple (1/1) D:7            Lair (3/6) D:10
 Shoals (0/4) Lair:3          Orc (0/2) D:10        Ossuary (visited)
 Bailey (visited)         Gauntlet (visited)
  Snake: Lair:2-4    Spider: Lair:2-4

Altars:
Ashenzari
Cheibriados
Dithmenos
Elyvilon
Fedhas
Gozag
Hepliaklqana
Kikubaaqudgha
Makhleb
Nemelex Xobeh
Okawaru
Qazlal
Ru
Sif Muna
Trog
Uskayaw
Vehumet
Wu Jian
Xom
Yredelemnul
Zin
The Shining One
Beogh

Shops:
D:8 *

Annotations:
Lair:3 exclusion: oklob plant


Innate Abilities, Weirdness & Mutations

You have a pair of horns on your head.
You reflexively headbutt those who attack you in melee.


Message History

An elephant comes into view.
The killer bee stings your iron troll but does no damage.
Your unstable footing causes you to fumble your attack.
A nearby plant withers and dies.
The killer bee stings your iron troll but does no damage.
The killer bee stings you but does no damage.
You block the killer bee's attack. The killer bee stings your iron troll.
Flame seeps out of your iron troll.
Your iron troll is engulfed in blazing flames.
Flame seeps out of your iron troll.
Your iron troll completely misses the killer bee.
Your iron troll claws the killer bee.
Flame seeps out of the killer bee.
Your iron troll misses the killer bee.
The killer bee stings your iron troll but does no damage.
You block the killer bee's attack.
A killer bee comes into view.
The queen bee calls on the killer bee to defend it!
The killer bee goes berserk!
The queen bee calls on the killer bee to defend it!
The killer bee goes berserk!
The killer bee stings your iron troll but does no damage.
You block the killer bee's attack.
The killer bee is engulfed in blazing flames.
Flame seeps out of the killer bee.
The killer bee stings your iron troll. Flame seeps out of your iron troll.
You slash the killer bee!
Flame seeps out of the killer bee. x3
You headbutt the killer bee.
The killer bee is almost dead.
You slash the killer bee! Trog accepts your kill.
You closely miss the killer bee.
The killer bee explodes!
The fiery explosion engulfs the killer bee!!
Trog accepts your kill. The fiery explosion engulfs you!!
The killer bee explodes!
The fiery explosion engulfs you!!!
* * * LOW HITPOINT WARNING * * *
You are engulfed in blazing flames.
You die...

≈≈. .........#S ≈≈≈≈.
.........## ≈≈y..#
.....Y#..#
≈≈≈P.F##Y......##
≈≈≈.....y.......#
≈≈≈≈yPly.≈l≈.P.≈# ####
≈≈≈≈≈yyyyS≈≈≈≈#≈ ...#
≈≈≈≈≈≈≈Tyy≈≈≈≈# ..#
!≈≈≈≈§§@##≈≈≈≈# ..##
P≈≈≈≈§§§# ≈≈≈≈# ...#
≈≈##≈§§§§ ≈≈≈≈# ..#
#≈≈≈≈≈≈≈≈≈≈# .####
≈≈≈≈≈≈≈≈≈≈≈≈# ....#
#≈≈≈≈≈≈≈≈≈≈≈≈# ...##
##.≈.P.≈hh.≈
...#########.......y...
..P.#P##.P.#....


You could see an elephant, an oklob plant (inner flame), a yak, a cane toad, a
queen bee (inner flame), 2 basilisks, a water moccasin (inner flame), 2 wolves,
10 killer bees and a friendly iron troll (summoned, berserk, inner flame, very
poisoned).

Vanquished Creatures
  Harold (D:9)
  A boulder beetle (D:11)
  2 hydras
  2 two-headed ogres
  A catoblepas (Lair:2)
  A tengu warrior (D:11)
  An orc knight (D:11)
  An oklob plant (Lair:1)
  2 manticores
  4 cyclopes (D:11)
  2 spectral centaurs (Gauntlet)
  An eye of devastation (Gauntlet)
  A torpor snail (Lair:3)
  2 black mambas
  2 cane toads
  An efreet (D:11)
  2 minotaur zombies (Gauntlet)
  4 komodo dragons
  A kobold demonologist (D:7)
  3 trolls
  3 hornets
  6 flying skulls (Gauntlet)
  Sigmund (D:3)
  35 yaks
  3 wyverns
  2 wraiths
  A basilisk (Lair:2)
  3 steam dragons
  Menkaure (D:4)
  2 vampire mosquitoes
  3 acid dragons (D:11)
  2 floating eyes (Gauntlet)
  7 water moccasins
  Duvessa (D:4)
  9 orc warriors
  An ogre (D:4)
  4 necrophages
  An ice beast (D:8)
  3 wolves (Lair:3)
  5 centaurs
  An elf zombie (D:4)
  Blork the orc (D:4)
  5 bullfrogs
  2 scorpions
  3 wyvern zombies
  2 elf skeletons (D:4)
  A gnoll sergeant (D:11)
  Dowan (D:4)
  2 water moccasin zombies
  2 water moccasin skeletons
  23 killer bees
  5 wights
  8 howler monkeys
  3 centaur zombies
  A bullfrog zombie (D:7)
  4 orc priests
  2 hounds
  4 bullfrog skeletons
  2 jellies
  Crazy Yiuf (D:4)
  2 centaur skeletons
  A human skeleton (D:4)
  5 iguanas
  11 orc wizards
  A killer bee zombie (D:8)
  A mummy (Ossuary)
  A howler monkey zombie (D:9)
  8 gnolls
  6 adders
  A white imp (D:5)
  2 ufetubi
  2 worms
  A dart slug (D:3)
  42 orcs
  4 spectral bats (Ossuary)
  An endoplasm (D:1)
  5 giant cockroaches
  12 gnoll zombies (Ossuary)
  13 goblins
  2 hobgoblins
  2 jackals (D:1)
  2 kobolds
  8 quokkas
  4 ball pythons
  8 bats
  A bat simulacrum (Ossuary)
  3 frilled lizards
  2 goblin simulacra (Ossuary)
  5 goblin zombies (Ossuary)
  3 hobgoblin zombies (Ossuary)
  7 kobold simulacra (Ossuary)
  4 kobold zombies (Ossuary)
  2 orc skeletons (D:4)
  6 orc zombies (Ossuary)
  A quokka skeleton (D:4)
  6 rats
  2 rat simulacra (Ossuary)
  6 spectral goblins (Ossuary)
  3 spectral kobolds (Ossuary)
  3 spectral rats (Ossuary)
400 creatures vanquished.

Vanquished Creatures (collateral kills)
  A minotaur (Gauntlet)
  A death drake (Gauntlet)
  An orc knight (Bailey)
  An efreet (D:11)
  7 orc warriors (Bailey)
  2 killer bees (Lair:3)
  8 orcs (Bailey)
21 creatures vanquished.

Vanquished Creatures (others)
  A floating eye (shapeshifter) (D:11)
  A sky beast (shapeshifter) (D:11)
  A hound (D:7)
  An adder (D:6)
  4 fungi
  12 plants
20 creatures vanquished.

Grand Total: 441 creatures vanquished

Notes
Turn   | Place    | Note
-------+----------+-------------------------------------------
     0 | D:1      | TheGamechu the Minotaur Berserker began the quest for the
                  | Orb.
     0 | D:1      | Reached XP level 1. HP: 19/19 MP: 0/0
   168 | D:1      | Reached XP level 2. HP: 17/27 MP: 1/1
   581 | D:1      | Reached skill level 4 in Axes
   680 | D:1      | Reached XP level 3. HP: 33/33 MP: 2/2
  1393 | D:2      | Found a faded altar of an unknown god.
  1416 | D:2      | Reached ** piety under Trog
  1784 | D:3      | Reached XP level 4. HP: 41/41 MP: 3/3
  2009 | D:3      | Reached skill level 1 in Throwing
  2013 | D:3      | Noticed Sigmund
  2029 | D:3      | Killed Sigmund
  2030 | D:3      | Reached skill level 5 in Fighting
  2030 | D:3      | Reached skill level 5 in Axes
  2030 | D:3      | Reached XP level 5. HP: 41/48 MP: 4/4
  2374 | D:4      | Reached XP level 6. HP: 43/56 MP: 5/5
  2517 | D:4      | Reached skill level 6 in Axes
  2539 | D:4      | Reached XP level 7. HP: 24/62 MP: 6/6
  2539 | D:4      | Found a sand-covered staircase.
  2555 | Ossuary  | Entered an ossuary
  2747 | Ossuary  | Reached *** piety under Trog
  2904 | Ossuary  | Reached **** piety under Trog
  3342 | D:4      | Reached skill level 7 in Axes
  3441 | D:4      | Noticed Menkaure
  3451 | D:4      | Killed Menkaure
  3452 | D:4      | Reached XP level 8. HP: 40/71 MP: 7/7
  3728 | D:4      | Noticed Blork the orc
  3734 | D:4      | Noticed Dowan
  3737 | D:4      | Killed Blork the orc
  3738 | D:4      | Noticed Duvessa
  3755 | D:4      | Killed Duvessa
  3758 | D:4      | Killed Dowan
  3819 | D:4      | Found a runed translucent door.
  3820 | D:4      | Noticed Crazy Yiuf
  3826 | D:4      | Killed Crazy Yiuf
  3827 | D:4      | Reached skill level 8 in Axes
  4153 | D:5      | Entered Level 5 of the Dungeon
  4161 | D:5      | Reached skill level 5 in Shields
  4491 | D:5      | Reached skill level 9 in Axes
  5047 | D:6      | Reached XP level 9. HP: 55/79 MP: 8/8
  5054 | D:6      | Reached skill level 5 in Throwing
  5861 | D:6      | Identified a scroll of acquirement
  5861 | D:6      | Acquired a +5 vorpal broad axe
  5872 | D:7      | Reached skill level 10 in Axes
  5964 | D:7      | Reached ***** piety under Trog
  5986 | D:7      | Found a staircase to the Ecumenical Temple.
  6003 | Temple   | Entered the Ecumenical Temple
  6130 | D:7      | Paralysed by a hornet for 3 turns
  6258 | D:7      | Noticed a kobold demonologist
  6260 | D:7      | Noticed a soul eater
  6266 | D:7      | Killed a kobold demonologist
  6267 | D:7      | Reached skill level 11 in Axes
  6482 | D:7      | Reached XP level 10. HP: 70/90 MP: 9/9
  6851 | D:7      | Found a snail-covered altar of Cheibriados.
  7551 | D:8      | Found Tuolag's Assorted Antiques.
  8160 | D:9      | Noticed Harold
  8165 | D:9      | Killed Harold
  8166 | D:9      | Reached skill level 12 in Axes
  9089 | D:10     | Entered Level 10 of the Dungeon
  9112 | D:10     | Reached skill level 10 in Fighting
  9112 | D:10     | Reached XP level 11. HP: 94/99 MP: 10/10
  9218 | D:10     | Reached skill level 13 in Axes
  9245 | D:10     | Noticed a two-headed ogre
  9253 | D:10     | Killed a two-headed ogre
  9273 | D:10     | Found a flagged portal.
  9284 | Bailey   | Entered a bailey
  9844 | Bailey   | Acquired a manual of Dodging
  9850 | Bailey   | Noticed an orc knight
  9871 | Bailey   | HP: 1/101 [orc knight (19)]
  9907 | Bailey   | Killed an orc knight
 10069 | Bailey   | Noticed an orc knight
 10069 | Bailey   | Noticed an orc knight
 10416 | D:10     | Found a staircase to the Orcish Mines.
 10416 | D:10     | You fall into a shaft and drop 2 floors!
 10735 | D:10     | Paralysed by a hornet for 3 turns
 10985 | D:10     | Identified the +0 war axe of Paozyuxot {speed, rPois
                  | Will+++ Str-3}
 11556 | D:10     | Found a staircase to the Lair.
 11719 | D:11     | Reached skill level 14 in Axes
 11719 | D:11     | Reached skill level 10 in Shields
 11753 | D:11     | Noticed a two-headed ogre
 11771 | D:11     | Killed a two-headed ogre
 11803 | D:11     | Noticed a boulder beetle
 11812 | D:11     | Killed a boulder beetle
 11869 | D:11     | Reached XP level 12. HP: 47/110 MP: 11/11
 12151 | D:11     | Noticed a six-headed hydra
 12251 | D:11     | Received a gift from Trog
 12294 | D:11     | Killed a seven-headed hydra
 12545 | D:11     | Reached skill level 15 in Axes
 12648 | D:11     | Noticed a tengu warrior
 12658 | D:11     | Killed a tengu warrior
 12659 | D:11     | Noticed a caustic shrike
 12659 | D:11     | Noticed a tengu warrior
 12668 | D:11     | Noticed a caustic shrike
 12772 | Lair:1   | Entered Level 1 of the Lair of Beasts
 13026 | Lair:1   | You fall into a shaft and drop 1 floor!
 13067 | Lair:2   | Found a gate leading to a gauntlet.
 13081 | Gauntlet | Entered a Gauntlet
 13081 | Gauntlet | Found a transporter.
 13081 | Gauntlet | Found a transporter.
 13081 | Gauntlet | Found a transporter.
 13295 | Gauntlet | Found a transporter.
 13295 | Gauntlet | Found the ring of the Tortoise {AC+8}
 13298 | Gauntlet | Found a transporter.
 13309 | Gauntlet | Found a transporter.
 13314 | Gauntlet | Found a transporter.
 13314 | Gauntlet | Noticed a green death
 13317 | Gauntlet | Found a transporter.
 13331 | Gauntlet | Found a large runed translucent door.
 13332 | Gauntlet | Found a large runed translucent door.
 13333 | Gauntlet | Found a large runed translucent door.
 13333 | Gauntlet | Found a large runed translucent door.
 13334 | Gauntlet | Found a runed translucent gate.
 13335 | Gauntlet | Found a transporter.
 13335 | Gauntlet | Found a runed translucent gate.
 13336 | Gauntlet | Found a runed translucent gate.
 13337 | Gauntlet | Found a large runed translucent door.
 13337 | Gauntlet | Found a large runed translucent door.
 13338 | Gauntlet | Found a large runed translucent door.
 13339 | Gauntlet | Found a large runed translucent door.
 13348 | Gauntlet | Found a large runed translucent door.
 13348 | Gauntlet | Found a large runed translucent door.
 13348 | Gauntlet | Found a runed translucent door.
 13348 | Gauntlet | Found a runed translucent door.
 13349 | Gauntlet | Found a large runed translucent door.
 13350 | Gauntlet | Found a large runed translucent door.
 13352 | Gauntlet | Found a transporter.
 13355 | Gauntlet | Found a transporter.
 13365 | Gauntlet | Found a transporter.
 13416 | Gauntlet | Found a large runed translucent door.
 13417 | Gauntlet | Found a large runed translucent door.
 13418 | Gauntlet | Found a large runed translucent door.
 13418 | Gauntlet | Found a large runed translucent door.
 13876 | Gauntlet | Identified the +0 pair of boots "Kus Fisch" {rN+ Int+5
                  | Dex+4}
 14144 | Gauntlet | Identified the ring "Sautsar" {Ice Will+ rCorr Int+4 SInv}
 14167 | Gauntlet | Identified the +8 shortbow of Anger {freeze, rC+ Str-5
                  | Int+2 Dex+3}
 14167 | Gauntlet | Noticed a minotaur
 14171 | Gauntlet | Killed a minotaur
 14386 | Lair:2   | Noticed a catoblepas
 14392 | Lair:2   | Killed a catoblepas
 14670 | Lair:2   | Noticed an eight-headed hydra
 14678 | Lair:2   | Killed a nine-headed hydra
 14679 | Lair:2   | Reached skill level 16 in Axes
 14679 | Lair:2   | Reached skill level 10 in Throwing
 14679 | Lair:2   | Reached XP level 13. HP: 119/119 MP: 12/12
 16069 | Lair:3   | Found a staircase to the Shoals.
 16093 | Lair:3   | HP: 3/119 [spore (38)]
 16093 | Lair:3   | Engulfed by a cloud of flame

Illustrated notes

Levels and vault maps discovered:
D:1:      minmay_arrival_split_and_join, layout_loops_ring, dk_noncrumbling_3,
          minmay_pentomino_s4
D:2:      layout_basic, dreamdust_ecumenical_altar_statues
D:3:      layout_basic, uniq_sigmund
D:4:      layout_cave_pools, serial_glass, glass_columns_a, glass_columns_a,
          nicolae_ossuary_entry_catacombs, uniq_blork_the_orc, uniq_duvessa,
          uniq_menkaure, uniq_crazy_yiuf_cottage
D:5:      layout_loops_ring
D:6:      layout_cave_pools, serial_park, serial_park_tiny_2,
          serial_park_avenue1, serial_park_tiny_2, serial_park_square2,
          gup_sewer_entry_pipe
D:7:      layout_basic, mainiacjoe_overflow_six_doors_small, temple_pool_b,
          hangedman_minor_gate_pass
D:8:      layout_cave_pools, serial_shops, nicolae_square_shop
D:9:      layout_irregular_city, uniq_harold
D:10:     layout_basic, david_lair_shrubbed, minmay_orc_entry_temple_small,
          lightli_bailey_entry_fortress
D:11:     minmay_the_grid_square_5x5_4x4_mashed
          [minmay_the_grid_square_5x5_minivault, minmay_the_grid_square_5x5_two,
          minmay_the_grid_square_5x5_inset, minmay_the_grid_square_5x5_n,
          minmay_the_grid_square_5x5_lines,
          minmay_the_grid_square_5x5_prize_rear_guard,
          minmay_the_grid_square_5x5_prize_waves,
          minmay_the_grid_square_5x5_six_small,
          minmay_the_grid_square_5x5_corner,
          minmay_the_grid_square_5x5_prize_gold,
          minmay_the_grid_square_5x5_prize_snowflake,
          minmay_the_grid_square_5x5_seven, minmay_the_grid_square_5x5_comb,
          minmay_the_grid_square_5x5_hourglass,
          minmay_the_grid_square_5x5_three_small,
          minmay_the_grid_square_5x5_inverted_slash], layout_rooms
D:12:     layout_grid_maze, hellmonk_bongcloud_opening
Temple:   grunt_wide_crystal_templ
Lair:1:   layout_long_grid, minmay_lair_oklob_chamber, lemuel_fruit_tree
Lair:2:   layout_long_grid, gauntlet_entry_generic, grunt_megastairs_1
Lair:3:   regret_index_harrowing_hell_hive, layout_loops_ring,
          elwin_shoals_entry_stream, minmay_snake_entry_guardpost_medium,
          serial_bayou_shore_b, infiniplex_staircase_pool_2

Skill      XL: |  1  2  3  4  5  6  7  8  9 10 11 12 |
---------------+-------------------------------------+-----
Axes           | 4 5 6 7 9 11 12 14 16 | 16.3
Fighting       | 4 5 6 7 8 10 11 12 | 12.5
Armour         | 3 |  3.0
Dodging        | 3 |  3.0
Throwing       | 2 3 4 6 7 8 10 | 10.2
Shields        | 2 3 4 5 7 8 10 11 | 11.8

Action                   |  1- 3 |  4- 6 |  7- 9 | 10-12 | 13-15 || total
-------------------------+-------+-------+-------+-------+-------++-------
Melee: Hand axe          |    84 |    71 |   357 |       |       ||   512
       Headbutt          |     9 |    14 |    77 |   104 |    25 ||   229
       Broad axe         |       |       |    35 |   401 |    84 ||   520
       War axe           |       |       |       |    27 |       ||    27
Throw: Dart              |       |     8 |    13 |    42 |       ||    63
       Stone             |       |       |     8 |     2 |       ||    10
       Throwing net      |       |       |       |     4 |       ||     4
       Javelin           |       |       |       |     5 |       ||     5
Invok: Trog's Hand       |       |     1 |     3 |     7 |     1 ||    12
       Berserk           |       |       |     2 |     1 |       ||     3
       Brothers in Arms  |       |       |       |     6 |     1 ||     7
Evoke: Wand              |       |       |       |     6 |       ||     6
  Use: Scroll            |       |       |    15 |     5 |     3 ||    23
       Potion            |       |       |       |     4 |     2 ||     6
Armor: Ring mail         |    31 |       |       |       |       ||    31
       Animal skin       |     1 |       |       |       |       ||     1
       Scale mail        |    10 |    22 |    63 |       |       ||    95
       Chain mail        |       |       |    31 |       |       ||    31
       Plate armour      |       |       |    52 |   189 |    27 ||   268
Dodge: Dodged            |    66 |    25 |   110 |    70 |    17 ||   288
Block: Tower shield      |       |       |   205 |   528 |   129 ||   862
